 Dungeon Crawl Stone Soup version 0.32-a0-871-ge202e49faa (webtiles) character file.

Game seed: 10642363857733733399

8271 Autsider the Brawler (level 11, -6/145 HPs)
             Began as a Purple Draconian Shapeshifter on Mar 30, 2024.
             Was an Initiate of Gozag.
             Mangled by an eight-headed hydra (12 damage)
             ... on level 1 of the Lair of Beasts.
             The game lasted 00:22:57 (10101 turns).

Autsider the Brawler (DrSh)                        Turns: 10101, Time: 00:22:58

Health: -6/145     AC:  7    Str: 17    XL:     11   Next: 7%
Magic:  11/11      EV: 11    Int: 15    God:    Gozag
Gold:   968        SH:  5    Dex: 16    Spells: 10/10 levels left

rFire   . .          .
                       - Unarmed
rCold   . . .        (no shield)
rNeg    . . .        (body armour unavailable)
rPois   .            (helmet currently unavailable)
rElec   .            (cloak currently unavailable)
rCorr   .            (gloves currently unavailable)
SInv    .            (boots currently unavailable)
Will    +....        t - amulet of reflection Stlth
                     o - +6 ring of dexterity
HPRegen 0.44/turn    (no ring)
MPRegen 0.12/turn

%: reflection
@: berserking, beast-form, very quick
A: beast (slay +4), nullifying breath, AC +7, unfitting armour, cold-blooded
a: Nullifying Breath, Begin Untransformation, Renounce Religion, Potion
Petition, Call Merchant, Bribe Branch


You were on level 1 of the Lair of Beasts.
You worshipped Gozag.
Gozag was pleased with you.
You were a hulking beast.
You visited 3 branches of the dungeon, and saw 12 of its levels.
You also visited: Ossuary.

You collected 1620 gold pieces.
You spent 143 gold pieces at shops.
You paid 509 gold pieces to Gozag.

Inventory:

Hand Weapons
 B - a +2 whip of venom
Missiles
 v - a throwing net (quivered)
Jewellery
 e - a ring of wizardry
 o - a +6 ring of dexterity (left hand)
 t - an amulet of reflection (around neck)
 G - a ring of flight
Talismans
 b - a beast talisman (active)
 c - a flux talisman
Wands
 w - a wand of polymorph (17)
 y - a wand of flame (40)
 C - a wand of digging (12)
 I - a wand of charming (7)
Scrolls
 d - a scroll of enchant armour
 j - a scroll of identify
 m - 2 scrolls of amnesia
 r - 4 scrolls of noise
 u - 2 scrolls of fog
 x - 5 scrolls of teleportation
 D - a scroll of blinking
 E - a scroll of poison
 F - 2 scrolls of immolation
 H - a scroll of vulnerability
Potions
 a - 5 potions of lignification
 f - 2 potions of cancellation
 g - 2 potions of curing
 h - 2 potions of heal wounds
 i - 3 potions of attraction
 k - 2 potions of might
 n - a potion of ambrosia {unknown}
 p - a potion of resistance
 q - 2 potions of brilliance
 s - 3 potions of mutation
 z - 2 potions of degeneration
 A - a potion of haste {unknown}


   Skills:
 + Level 9.5 Fighting
 - Level 1.7 Dodging
 * Level 15.1 Unarmed Combat
 + Level 8.5 Shapeshifting


You had 10 spell levels left.
You didn't know any spells.
Your spell library contained the following spells:

 Spells                   Type           Power      Damage    Failure   Level
 Shock                    Conj/Air       0%         1d3       26%         1
 Cigotuvi's Dreadful Rot  Necr/Alch/Air  0%         N/A       38%         2
 Swiftness                Air            0%         N/A       63%         3
 Airstrike                Air            0%         2d(0-16)  95%         4
 Cause Fear               Hex            0%         N/A       95%         4
 Dispel Undead            Necr           0%         3d6       95%         4
 Martyr's Knell           Necr/Summ      0%         N/A       95%         4
 Fireball                 Conj/Fire      0%         3d3       100%        5
 Dragon's Call            Summ           0%         N/A       100%        9


Dungeon Overview and Level Annotations

Branches:
Dungeon (10/15)            Temple (1/1) D:5            Lair (1/5) D:10
    Orc (0/2) D:10        Ossuary (visited)

Altars:
Ashenzari
Cheibriados
Dithmenos
Elyvilon
Fedhas
Gozag
Hepliaklqana
Kikubaaqudgha
Makhleb
Nemelex Xobeh
Okawaru
Qazlal
Ru
Sif Muna
Trog
Uskayaw
Vehumet
Wu Jian
Xom
Yredelemnul
Zin
The Shining One
Beogh

Shops:
D:2 =   D:9 (   D:10 ?

Annotations:
D:10 3 runed translucent doors, Shym's ghost, novice DrCj
Temple 2 transporters


Innate Abilities, Weirdness & Mutations

You are a hulking beast.
Your limbs bulge with bestial killing power. (Slay +4)
You can breathe blasts of antimagic.
Your rich purple scales are hard. (AC +7)
You cannot fit into any form of body armour.
You are cold-blooded and may be slowed by cold attacks.


Message History

The eight-headed hydra bites you.
* * * LOW HITPOINT WARNING * * *
The eight-headed hydra barely misses you.
The eight-headed hydra bites you but does no damage.
The eight-headed hydra bites you.
* * * LOW HITPOINT WARNING * * *
The eight-headed hydra bites you but does no damage.
A water moccasin comes into view.
The water moccasin hisses angrily.
You hit the eight-headed hydra.
The eight-headed hydra is severely wounded.
You block the wolf's attack.
The eight-headed hydra closely misses you.
The eight-headed hydra bites you!
* * * LOW HITPOINT WARNING * * *
The eight-headed hydra bites you.
* * * LOW HITPOINT WARNING * * *
The eight-headed hydra bites you!
* * * LOW HITPOINT WARNING * * *
The eight-headed hydra bites you.
* * * LOW HITPOINT WARNING * * *
The eight-headed hydra closely misses you.
The eight-headed hydra misses you.
The eight-headed hydra completely misses you.
The wolf bites you but does no damage.
A red film seems to cover your vision as you go berserk!
You feel yourself moving faster!
You feel mighty! The wolf bites you.
* * * LOW HITPOINT WARNING * * *
The eight-headed hydra bites you.
* * * LOW HITPOINT WARNING * * *
The eight-headed hydra bites you but does no damage.
The eight-headed hydra closely misses you.
The eight-headed hydra bites you but does no damage.
The eight-headed hydra bites you!
* * * LOW HITPOINT WARNING * * *
The eight-headed hydra closely misses you.
The eight-headed hydra bites you but does no damage.
The eight-headed hydra bites you!
You die...
Your body crumbles into a pile of gold.

#.####.......#..## #.# P.#
##...............P##.#...#.#
#...P#...................#.#
#...........##...####......
# ####.[...###.##.# ...#.#
#.# #.#....#..##...# ..
..##.# ..# #.#.#.#######..#
.##.##.. #.# #...### #....##
#..##.# ..# #.#.# #h.###
##.#P.# #.. #.#.# #Dh##
#.....# #.# #.#.# ##S.
##.##.. #.## #.#.# #...
#.#### #.P# ##.#.# #.#≈≈
#.## ...###....## ..#≈≈S
##.### ###.###..#.# #.##≈≈≈
#..... ##.#.##.#.## #.. #≈Sh
###### ###.#)..#.# ###.PP#


You could see an eight-headed hydra, a polar bear, a black mamba, 2 water
moccasins and a wolf.

Vanquished Creatures
  A two-headed ogre (D:9)
  A cane toad (Lair:1)
  2 kobold demonologists (D:10)
  Sigmund (D:3)
  2 basilisks (D:10)
  2 wyverns (D:10)
  10 yaks
  An acid dragon (D:10)
  6 water moccasins
  A sky beast (D:5)
  An orc warrior (D:7)
  A black bear (D:8)
  2 ogres
  2 centaurs
  4 phantoms
  2 kobold brigands
  4 bullfrogs
  The ghost of Autsider the Caller, an amateur FeSu (D:4)
  A gnoll sergeant (D:7)
  6 scorpions
  5 wights (D:8)
  13 killer bees
  2 bombardier beetles
  6 orc priests
  2 hounds (D:5)
  3 jellies
  A gnoll bouda (D:7)
  A sleepcap (D:5)
  4 iguanas
  6 orc wizards
  6 scorpion zombies (Ossuary)
  3 mummies (Ossuary)
  Robin (D:4)
  8 adders
  17 gnolls
  2 shadow imps
  2 white imps
  6 ufetubi
  5 adder zombies (Ossuary)
  6 dart slugs
  A ribbon worm (D:3)
  32 orcs
  8 ball pythons
  4 endoplasms
  3 giant cockroaches
  2 gnoll zombies (Ossuary)
  14 goblins
  6 hobgoblins
  13 kobolds
  5 quokkas
  10 bats
  4 frilled lizards
  4 kobold zombies (Ossuary)
  5 rats
261 creatures vanquished.

Vanquished Creatures (collateral kills)
  A bullfrog (D:7)
  A jelly (D:7)
2 creatures vanquished.

Vanquished Creatures (others)
  2 yaks (D:10)
2 creatures vanquished.

Grand Total: 265 creatures vanquished

Notes
Turn   | Place    | Note
-------+----------+-------------------------------------------
     0 | D:1      | Autsider the Draconian Shapeshifter began the quest for the
                  | Orb.
     0 | D:1      | Reached XP level 1. HP: 16/16 MP: 1/1
   143 | D:1      | Reached XP level 2. HP: 9/23 MP: 2/2
   647 | D:1      | Found a faded altar of an unknown god.
   825 | D:2      | Found Katel's Jewellery Emporium.
   846 | D:2      | Found a shimmering altar of Xom.
   943 | D:2      | Reached XP level 3. HP: 29/29 MP: 3/3
  1590 | D:3      | Reached skill level 4 in Unarmed Combat
  1678 | D:3      | Reached XP level 4. HP: 36/36 MP: 4/4
  1842 | D:3      | Noticed Sigmund
  1872 | D:3      | HP: 1/37 [something/puff of flame (6)]
  1873 | D:3      | Killed Sigmund
  1874 | D:3      | Reached skill level 5 in Unarmed Combat
  1874 | D:3      | Reached XP level 5. HP: 1/45 MP: 5/5
  2131 | D:3      | Reached XP level 6. HP: 45/51 MP: 6/6
  2531 | D:4      | Identified a scroll of acquirement
  2531 | D:4      | Acquired a manual of Unarmed Combat
  2602 | D:4      | Reached skill level 6 in Unarmed Combat
  2650 | D:4      | Found a sand-covered staircase.
  2655 | Ossuary  | Entered an ossuary
  2673 | Ossuary  | Your scales start taking on a rich purple colour.
  2673 | Ossuary  | Reached XP level 7. HP: 42/59 MP: 7/7
  2883 | Ossuary  | Reached skill level 7 in Unarmed Combat
  3192 | D:4      | Noticed Robin
  3225 | D:4      | Killed Robin
  3421 | D:4      | Reached skill level 8 in Unarmed Combat
  3421 | D:4      | Reached skill level 5 in Shapeshifting
  3719 | D:4      | Reached skill level 5 in Fighting
  4014 | D:4      | Found a runed translucent door.
  4017 | D:4      | Noticed Autsider's ghost (amateur FeSu)
  4115 | D:4      | Killed Autsider's ghost
  4116 | D:4      | Reached XP level 8. HP: 64/68 MP: 8/8
  4171 | D:5      | Entered Level 5 of the Dungeon
  4213 | D:5      | Reached skill level 9 in Unarmed Combat
  4313 | D:5      | Found an opulent altar of Gozag.
  4463 | D:5      | Reached skill level 10 in Unarmed Combat
  4555 | D:5      | Found a staircase to the Ecumenical Temple.
  4568 | Temple   | Found a transporter.
  4568 | Temple   | Found a transporter.
  4568 | Temple   | Found a transporter.
  4568 | Temple   | Found a transporter.
  4568 | Temple   | Entered the Ecumenical Temple
  4629 | D:5      | Became a worshipper of Gozag Ym Sagoz the Greedy
  4946 | D:6      | Reached skill level 11 in Unarmed Combat
  5058 | D:6      | Reached XP level 9. HP: 56/78 MP: 9/9
  5469 | D:6      | Found a radiant altar of Vehumet.
  5469 | D:6      | Found a blossoming altar of Fedhas.
  5686 | D:7      | Reached skill level 12 in Unarmed Combat
  6586 | D:8      | Reached skill level 13 in Unarmed Combat
  7592 | D:9      | Reached XP level 10. HP: 86/88 MP: 10/10
  7614 | D:9      | Found Atrab's Antique Weapon Shop.
  7883 | D:9      | Noticed a two-headed ogre
  7892 | D:9      | Killed a two-headed ogre
  7893 | D:9      | Reached skill level 14 in Unarmed Combat
  8163 | D:10     | Entered Level 10 of the Dungeon
  8195 | D:10     | Found a staircase to the Orcish Mines.
  8274 | D:10     | Found a roughly hewn altar of Beogh.
  8334 | D:10     | Found a runed translucent gate.
  8731 | D:10     | Noticed Shym's ghost (novice DrCj)
  8837 | D:10     | Found a runed translucent gate.
  8838 | D:10     | Found a runed translucent gate.
  8961 | D:10     | Noticed an orange demon
  9483 | D:10     | Found a staircase to the Lair.
  9495 | D:10     | Reached skill level 15 in Unarmed Combat
  9743 | Lair:1   | Entered Level 1 of the Lair of Beasts
  9766 | D:10     | Bought a scroll of teleportation for 39 gold pieces
  9766 | D:10     | Bought a scroll of identify for 26 gold pieces
  9766 | D:10     | Bought a scroll of identify for 26 gold pieces
  9766 | D:10     | Bought a scroll of identify for 26 gold pieces
  9766 | D:10     | Bought a scroll of identify for 26 gold pieces
  9814 | Lair:1   | Reached XP level 11. HP: 87/97 MP: 11/11
 10092 | Lair:1   | Noticed an eight-headed hydra
 10101 | Lair:1   | HP: 6/145 [eight-headed hydra (7)]
 10101 | Lair:1   | Mangled by an eight-headed hydra

Illustrated notes

Levels and vault maps discovered:
D:1:      ncdulo_halloftheorcs, layout_basic,
          dreamdust_ecumenical_altar_angels_and_demons, st_stairs_6,
          ebering_dispersal_statue_hall
D:2:      layout_basic, basic_altar, serial_shops, shop
D:3:      layout_basic, uniq_sigmund
D:4:      layout_loops_ring, ebering_ghost_reflecting_pool, enter_ossuary_5,
          uniq_robin
D:5:      layout_loops_ring, mainiacjoe_overflow_alcove_2,
          minmay_temple_entry_proselytizer
D:6:      layout_rooms, gammafunk_temple_overflow_wave
D:7:      layout_loops_ring
D:8:      layout_basic, serial_rivers, chequers_serial_rivers_large_b,
          chequers_serial_rivers_micro_e, chequers_serial_rivers_small_a,
          chequers_serial_rivers_small_a, chequers_serial_rivers_micro_b
D:9:      layout_loops_ring, serial_rivers, chequers_serial_rivers_room_a,
          chequers_serial_rivers_micro_c, chequers_serial_rivers_micro_a,
          chequers_serial_rivers_micro_c, chequers_serial_rivers_micro_c,
          nicolae_take_the_stairs, minivault_21
D:10:     layout_roguey, erik_lair_dragon, minmay_orc_entry_temple_small,
          gammafunk_ghost_split, minivault_23, lemuel_flamethrower_hall
Temple:   hellmonk_temple_divided_pantheon
Lair:1:   layout_loops_ring, pdpol_lair_cavern_descent

Skill      XL: |  1  2  3  4  5  6  7  8  9 10 |
---------------+-------------------------------+-----
Fighting       | 2 3 4 5 6 7 9 |  9.5
Unarmed Combat | 4 5 6 8 11 13 15 | 15.1
Shapeshifting  | 4 5 6 7 8 |  8.5
Dodging        | |  1.7

Action                     |  1- 3 |  4- 6 |  7- 9 | 10-12 || total
---------------------------+-------+-------+-------+-------++-------
  Melee: Unarmed           |   138 |   107 |   402 |   164 ||   811
         Tailslap          |    15 |    19 |    47 |    21 ||   102
         Punch             |     3 |     6 |    27 |    10 ||    46
 Invoke: Call Merchant     |       |       |       |     1 ||     1
Ability: Nullifying Breath |       |       |     2 |       ||     2
    Use: Scroll            |       |     8 |     5 |     9 ||    22
         Potion            |       |       |       |     1 ||     1
   Stab: Sleeping          |       |     1 |     1 |     2 ||     4
         Distracted        |       |       |     2 |     3 ||     5
 Armour: Skin              |    97 |    58 |   171 |   109 ||   435
  Dodge: Dodged            |    72 |    55 |   155 |    58 ||   340
  Block: Other             |       |     3 |    70 |    19 ||    92
         Reflection        |       |       |     5 |       ||     5

Table legend: (Time is in decaauts)
 A = Elapsed time spent in this place.
 B = Non-inter-level travel time spent in this place.
 C = Inter-level travel time spent in this place.
 D = Time resting spent in this place.
 E = Time spent auto-exploring this place.
 F = Levels seen in this place.
 G = Mean time per level.
                   A        B        C        D        E       F      G
               +--------+--------+--------+--------+--------+-----+--------+
         Total |  10002 |   9524 |    478 |   1537 |   6197 |  13 |  769.4 |
       Dungeon |   9164 |   8703 |    461 |   1306 |   5841 |  10 |  916.4 |
        Temple |     21 |      4 |     17 |      0 |      0 |   1 |   21.0 |
          Lair |    320 |    320 |      0 |      0 |    267 |   1 |  320.0 |
       Ossuary |    495 |    495 |      0 |    231 |     89 |   1 |  495.0 |
               +--------+--------+--------+--------+--------+-----+--------+

Top non-repeatable levels by time:
    D:10: 1408 daAuts
     D:4: 1166 daAuts
     D:8: 1064 daAuts
     D:3: 937 daAuts
     D:7: 902 daAuts
     D:1: 801 daAuts
     D:9: 795 daAuts
     D:2: 731 daAuts
     D:5: 701 daAuts
     D:6: 653 daAuts
 Ossuary: 495 daAuts
  Lair:1: 320 daAuts
  Temple: 21 daAuts
